[Event "4NCL 2022-2023"]
[Site "Daventry"]
[Date "2023.01.14"]
[Round "3.40"]
[White "Varney, Zoe"]
[Black "Franco, Gaston"]
[Result "1/2-1/2"]
[ECO "B31"]
[WhiteElo "1954"]
[BlackElo "2051"]
[Annotator "TA"]
[PlyCount "98"]
[EventDate "2022.10.20"]
[EventType "team-tourn"]
[EventCountry "ENG"]
[SourceTitle "playchess.com"]
[Source "ChessBase"]
[SourceQuality "1"]
[TimeControl "40/6000+30:2400+30"]

1. e4 c5 2. Nf3 Nc6 3. Bb5 g6 4. Bxc6 dxc6 5. d3 Bg7 6. h3 b6 {[%emt 0:00:50] B31: Sicilian: 2...Nc6 3 Bb5 g6.} 7. O-O Nh6 8. Re1 {[%emt 0:05:23] [#]} (8. a4 $5 ) 8... f6 $146 ({Predecessor:} 8... O-O 9. a4 a5 10. Nbd2 Ba6 11. Nf1 e5 12. Bg5 f6 13. Bd2 Nf7 14. Ne3 Qd7 {0-1 Hansen,E (2606)-Belous,V (2532) Titled Tuesday intern op1 3rd March   blitz 2020 (8)}) 9. a4 (9. e5 $5 O-O 10. a4 $11) 9... a5 10. Na3 e5 11. c3 Be6 12. d4 cxd4 13. cxd4 Nf7 14. Be3 O-O 15. Rc1 Qc7 16. d5 Bd7 17. dxc6 Bxc6 18. Qb3 Qb7 19. Nd2 {[%emt 0:02:58] White is much more active.} Ra6 (19... Rfd8 $16 {was necessary.}) 20. Rc4 (20. Nb5 $18) 20... Bd7 (20... Rc8 $16) 21. Rc3 $18 Rd8 (21... Rc8 $142) 22. Rec1 Bf8 23. Nb5 {[%emt 0:01:52] Repels Ra7. Rc7 is the strong threat.} f5 $2 (23... Bc5 24. Bxc5 bxc5) 24. Bg5 (24. Rc7 $142 Qc8 25. Rxc8 Rxc8 26. Rc7 Rxc7 {[%mdl 64] Remove Defender} 27. Nxc7) 24... Raa8 25. Rc7 Qb8 26. Bxd8 Qxd8 27. Nf3 Kg7 {[%emt 0:02:46] [#]} 28. Rxd7 $1 {[%emt 0:00:58][%mdl 576] Clearance} Qxd7 29. Rc7 Qe8 {[%emt 0:00:35] [#]} 30. Nxe5 $1 {[%emt 0:00:05][%mdl 576] Pin. Excellent horsemanship.} Be7 {[%emt 0:00:16] Black is weak on the light squares} 31. Nxf7 (31. Qe6 $142 Kf8 32. Rxe7 Qxe7 33. Nd7+ Qxd7 34. Qxd7) 31... Qxf7 32. Qxf7+ (32. Qc3+ $142 Kg8 33. exf5) 32... Kxf7 33. exf5 gxf5 {[%emt 0:00:21][%mdl 4096] Endgame KRB-KRN} 34. Rb7 {[%emt 0:00:12][%cal Ob5d4] Strongly threatening Nd4!} Rd8 {[%emt 0:00:52] Dodges Nd4} 35. Rxb6 (35. g3 $142) 35... Rd2 $16 36. Rb7 ({White should try} 36. Nc3 $16) 36... Kf6 $1 $11 37. Rb6+ (37. Rc7 $11) 37... Kf7 $1 $16 38. Rb7 (38. Nc3 $16) 38... Kf6 $1 $14 39. Ra7 Bb4 40. Ra6+ Kf7 (40... Ke5 $11 {keeps the balance.}) 41. Ra7+ (41. b3 $16) 41... Kg6 42. Na3 {[%emt 0:01:25] Threatens to win with Nc4.} Rxb2 {[%emt 0:00:00] The position is equal.} (42... Bd6 $2 43. Kf1 Bb4 44. Nc4 $18) 43. Nc4 Ra2 44. Nxa5 Ra1+ 45. Kh2 {[%emt 0:00:07] aiming for Nc4.} Rxa4 46. Nc6 Rxa7 47. Nxa7 Bc5 48. Nc6 Bxf2 49. Ne5+ $1 Kf6 {[%emt 0:00:00] Black escapes into a draw.   Weighted Error Value: White=0.70/Black=0.24 (precise)} 1/2-1/2

[Event "4NCL 2022-2023"]
[Site "Daventry"]
[Date "2023.01.14"]
[Round "3.41"]
[White "Wadsworth, Matthew J"]
[Black "Chow, Samuel"]
[Result "1-0"]
[ECO "A11"]
[WhiteElo "2477"]
[BlackElo "2318"]
[Annotator "TA"]
[PlyCount "155"]
[EventDate "2022.10.20"]
[EventType "team-tourn"]
[EventCountry "ENG"]
[SourceTitle "playchess.com"]
[Source "ChessBase"]
[SourceQuality "1"]
[TimeControl "40/6000+30:2400+30"]

1. c4 Nf6 2. Nf3 g6 3. g3 Bg7 4. Bg2 O-O 5. O-O c6 6. b3 Ne4 7. d4 d5 8. Bb2 a5 9. Nc3 Nxc3 {[%emt 0:03:38] A11: English Opening: 1...c6.} 10. Bxc3 Be6 11. Qd3 Bf5 {[%emt 0:06:53] The position is equal.} 12. Qd2 Be4 {[%emt 0:02:12] [#]} 13. Rfc1 $146 ({Predecessor:} 13. Bh3 Bxf3 14. exf3 e6 15. Rab1 Qc7 16. Rfc1 Rd8 17. f4 Nd7 18. Bg2 Nf6 19. Qe1 Rd7 20. Bb2 {½-½ Shafigullina,Z (2296)-Voit,D (2343) RUS-ch Higher League (Women) 70th 2020 (4)}) 13... Nd7 14. Bf1 Bxf3 15. exf3 e6 16. a4 Re8 17. Re1 b6 18. f4 Nf6 19. Bg2 {[%emt 0:01:23] Against Ne4} Re7 20. Rac1 Rd7 21. Bb2 Bf8 22. Qc2 Rc8 23. Red1 Rcc7 24. Qe2 Rc8 25. h4 h5 26. Bf3 Qc7 27. Rc2 Qd8 28. Rdc1 Rdc7 29. Kg2 $1 Ne8 30. Bc3 Rd7 31. Bd2 {[%emt 0:03:08] Hoping for cxd5.} Ba3 (31... dxc4 $11 32. Rxc4 c5) 32. cxd5 $1 $14 Bxc1 (32... exd5 $14 33. Ra1 Bf8) 33. dxe6 $16 Re7 (33... fxe6 $16 34. Rxc1 (34. Qxe6+ Kh7 $14) 34... Ng7) 34. exf7+ $18 (34. Bxc1 $6 Rxe6 35. Qa6 Nd6 $14) 34... Kg7 35. fxe8=Q (35. fxe8=R $6 Rxe8 36. Qd3 Bxd2 37. Rxd2 c5 $16) 35... Qxe8 (35... Rxe8 $142 36. Be3 Bxe3 37. fxe3 Qf6) 36. Qa6 Bxd2 37. Rxd2 Qd8 38. d5 cxd5 39. Rxd5 Qc7 40. f5 (40. Rg5 $142) 40... Rf8 {[%emt 0:05:48] [#]} 41. Qd3 ({White must play} 41. fxg6 $1 $18 {Qd3 is the strong threat.} Qc2 42. Qc4 (42. Rxh5 $2 Rxf3 43. Qxb6 Rxf2+ 44. Qxf2 Re2 $19) 42... Qxc4 43. bxc4) 41... Rxf5 $14 42. Rxf5 gxf5 43. Bxh5 {[%emt 0:00:00][%mdl 4096] Endgame KQR-KQB} Qe5 44. Bf3 Qf6 45. h5 f4 46. g4 $1 Kh6 47. Qd8 Re6 48. Qg8 Re5 49. Kh3 {[%emt 0:00:00][%cal Of3e4] White wants to mate with Be4!} Rg5 50. Qb8 Re5 51. Qb7 Qe6 52. Kg2 Qf6 53. Qa8 Kg7 54. Be4 Kh6 55. Kh3 {[%emt 0:00:00][%cal Oa8g8] And now Qg8! would win.} Kg7 {[%emt 0:00:31] Prevents Qg8+.} 56. Qb7+ Re7 57. Qd5 {[%emt 0:00:00] Black must now prevent g5. Dancing on a razor blade.} Re5 58. Qa8 {[%emt 0:00:00] White is more active.} Qe6 {[%emt 0:02:45] [#]} (58... Re7 $16 59. f3 Kh6) 59. Qb7+ ({White should play} 59. Bf5 $1 $18 Rxf5 60. gxf5 Qxf5+ 61. Kh4 Qf6+ 62. Kg4) 59... Kf8 $2 {[%emt 0:01:08][%mdl 8192] This move loses the game for Black.} (59... Qe7 $2 60. Qxe7+ Rxe7 61. f3 $18) (59... Kf6 $16 {is a better chance.} 60. Bg6 (60. Bf5 Rxf5 61. gxf5 Qxf5+ 62. Kg2 Qg4+ 63. Kf1 Qd1+ 64. Kg2 Qg4+ 65. Kf1 Qd1+ 66. Kg2 Qg4+ $11) 60... Kg5) 60. Qb8+ $18 Kg7 61. Qc7+ Kf8 62. Qd8+ Kg7 63. Bf5 Qf6 64. Qd4 Re1 65. Qxf4 {[%emt 0:00:11] Threatens to win with g5.} ({Weaker is} 65. h6+ Kf7 66. Qxf6+ (66. Qxf4 Qxh6+ 67. Qxh6 Rh1+ 68. Kg3 Rxh6 $14) 66... Kxf6 $16) 65... Rh1+ (65... Rg1 $142 66. Qd2 Qc6 67. Qd4+ Qf6) 66. Kg2 Rh4 67. Qc7+ Kf8 68. Kg3 Kg8 69. Qc8+ Kg7 70. Qd7+ Kf8 71. Qe6 (71. f4 $142 Rh1 72. Qc8+ Ke7 73. Qb7+ Kd6 74. Qxh1) 71... Qxe6 72. Bxe6 {[%emt 0:00:00] KR-KB} Rh1 73. f4 Ke7 74. Bc4 Kd6 75. Kg2 Rh4 76. Be2 {[%emt 0:00:00] White mates.} Kc5 77. Bf3 Kb4 78. Kg3 {[%emt 0:00:06] Weighted Error Value: White=0.13 (very precise) /Black=0.22 (precise)} 1-0

[Event "4NCL 2022-2023"]
[Site "Daventry"]
[Date "2023.01.14"]
[Round "3.42"]
[White "Wall, Tim P"]
[Black "Speelman, Jon S"]
[Result "0-1"]
[ECO "C00"]
[WhiteElo "2258"]
[BlackElo "2500"]
[Annotator "TA"]
[PlyCount "78"]
[EventDate "2022.10.20"]
[EventType "team-tourn"]
[EventCountry "ENG"]
[SourceTitle "playchess.com"]
[Source "ChessBase"]
[SourceQuality "1"]
[TimeControl "40/6000+30:2400+30"]

1. Nc3 d5 2. e4 e6 3. Nf3 Nf6 4. e5 Nfd7 5. Ne2 c5 6. c3 {[%emt 0:00:36] C00: French: Unusual White 2nd moves.} c4 7. d4 cxd3 8. Ned4 {[%emt 0:00:41] The position is equal.} Nc6 9. Bf4 ({Reject} 9. Qxd3 Ndxe5 10. Nxe5 Nxe5 $15) (9. Nxc6 {simplifies} bxc6 10. Bxd3 Qb6 11. O-O) 9... Nc5 10. Bxd3 Nxd3+ 11. Qxd3 {[%emt 0:00:09] [#]} Bd7 $146 ({Predecessor:} 11... Be7 12. h4 Nxd4 13. Nxd4 Bd7 14. Qg3 Rg8 15. Bg5 f6 16. Bf4 Qb6 17. exf6 Bxf6 {0-1 Schinkowski,C (2165)-Nedic,D (2328) Kiel op-A 26th 2013 (5)}) 12. O-O Be7 13. Rfe1 g5 14. Be3 g4 15. Nxc6 bxc6 16. Nd2 c5 17. c4 Bc6 18. Rac1 d4 19. Bf4 Qb6 20. Rb1 Qb7 21. Ne4 Bxe4 22. Rxe4 h5 23. Bd2 a5 24. a3 a4 25. b4 axb3 26. Rxb3 Qc6 27. Qb1 Bd8 28. Bc1 Rg8 29. h3 ({Better is} 29. f3 $11) 29... Bc7 (29... gxh3 $1 $15 30. Rxh3 Ra4) 30. h4 $1 $14 Kd7 31. Bg5 {[%emt 0:02:37] [#] Rf4 is the strong threat.} (31. Rb5 $5 ) 31... Rgb8 $36 {[%emt 0:01:33][%mdl 2048] Strongly threatening ...Rxb3. Black has the initiative.} 32. Rf4 f5 (32... Bxe5 {leads to mate.} 33. Rxf7+ Kc8 34. Rf8+ Kc7 35. Rbxb8) 33. exf6 Rxb3 34. Qh7+ {[%emt 0:02:10][%mdl 8192] [#]} (34. Qxb3 $11 Bxf4 35. Bxf4) 34... Kc8 $1 $19 35. f7 Raxa3 36. f8=Q+ Kb7 {[%emt 0:00:03] ( -> ...Ra1+)} 37. f3 g3 {[%emt 0:00:25] Black mates.} 38. Kf1 Ra1+ 39. Ke2 Rb2+ {[%emt 0:00:04][%mdl 64] Skewer. Artfully played by Speelman.   Weighted Error Value: White=0.32/Black=0.08 (flawless)} 0-1

[Event "4NCL 2022-2023"]
[Site "Daventry"]
[Date "2023.01.14"]
[Round "3.43"]
[White "Harvey, Marcus R"]
[Black "Weller, Jean-Luc"]
[Result "1-0"]
[ECO "A03"]
[WhiteElo "2466"]
[BlackElo "2233"]
[Annotator "TA"]
[PlyCount "89"]
[EventDate "2022.10.20"]
[EventType "team-tourn"]
[EventCountry "ENG"]
[SourceTitle "playchess.com"]
[Source "ChessBase"]
[SourceQuality "1"]
[TimeControl "40/6000+30:2400+30"]

1. f4 d5 2. Nf3 Bg4 3. e3 Nd7 4. h3 Bxf3 5. Qxf3 e5 (5... c6 $11) 6. Nc3 {[%emt 0:14:21] A03: Bird's Opening with 1...d5.} ({White should play} 6. Qxd5 $14 c6 7. Qf3) 6... c6 $11 {[%emt 0:06:19] [#]} 7. g3 $146 (7. d3 $11 {is more appropriate.}) ({Predecessor:} 7. b3 Ngf6 8. Bb2 Bd6 9. g3 Qe7 10. Be2 O-O-O 11. fxe5 Nxe5 12. Qf2 Kb8 13. O-O-O {1-0 Nijboer,F (2545)-Pijpers,A (2476) Amsterdam Batavia Grolsch blitz 8th 2016 (2)}) 7... Bd6 8. Bg2 {[%emt 0:00:58] The position is equal.} Qc7 9. d3 (9. e4 $5 ) 9... O-O-O 10. Bd2 exf4 11. exf4 Ne7 12. O-O-O Nf5 13. Rde1 Bb4 14. a3 Ba5 15. g4 (15. h4 $5 ) 15... Nh4 (15... d4 $5 16. gxf5 dxc3 17. bxc3 (17. Bxc3 Bxc3 18. bxc3 Qa5 $11) 17... Nc5 $11) 16. Qf2 Nxg2 17. Qxg2 Bxc3 (17... d4 $11 18. Ne4 Bxd2+ 19. Nxd2 (19. Qxd2 Nb6 $11) 19... Nf6) 18. Bxc3 $14 Qxf4+ 19. Kb1 {[%emt 0:00:36] Black must now prevent Rhf1.} f6 $1 20. Rhf1 {[%emt 0:04:50][%mdl 1024] White has compensation.} Qd6 21. Qf2 b6 22. Qe3 Nc5 23. Bb4 {[%emt 0:04:02] [#] Threatens to win with d4.} d4 24. Qf3 Qd5 25. Qe2 Na6 26. Bd2 Nc7 27. g5 $1 f5 {[%emt 0:01:57] Wards off Qg4} 28. Qf2 $1 Rhf8 29. Qh4 g6 (29... Qg8 $5) 30. Qxh7 Qf7 31. Re7 Qxh7 32. Rxh7 Rh8 33. Rh6 {[%emt 0:00:05] White has more active pieces.} Rhg8 34. h4 Nd5 35. h5 Ne3 36. Rf3 gxh5 37. Rxh5 Rde8 38. c3 c5 39. cxd4 cxd4 40. Rf4 Rd8 41. Ka2 Rd5 42. Rf3 Ng4 43. Rh7 a5 44. Ra7 Rg6 $2 {[%emt 0:06:32][%mdl 8192] [#]} (44... Rgd8 $16) 45. Rh3 {[%emt 0:00:00] Weighted Error Value: White=0.09 (flawless) /Black=0.15 (very precise)} 1-0

[Event "4NCL 2022-2023"]
[Site "Daventry"]
[Date "2023.01.14"]
[Round "3.44"]
[White "Chan, Sheng Liang Bernard"]
[Black "Fitzsimons, David"]
[Result "1-0"]
[ECO "B06"]
[WhiteElo "1986"]
[BlackElo "2339"]
[Annotator "TA"]
[PlyCount "77"]
[EventDate "2022.10.20"]
[EventType "team-tourn"]
[EventCountry "ENG"]
[SourceTitle "playchess.com"]
[Source "ChessBase"]
[SourceQuality "1"]
[TimeControl "40/6000+30:2400+30"]

1. d4 g6 2. e4 Bg7 3. f4 c5 4. c3 cxd4 5. cxd4 d5 6. e5 Nc6 7. Nc3 {[%emt 0:01:15] B06: Modern Defence.} Nh6 8. Be3 O-O 9. Be2 {[%emt 0:06:38] The position is equal.} f6 10. Bf3 (10. Nf3 $11) 10... e6 $17 {[%emt 0:00:42][%cal Rf6e5] [#] White must now prevent ...fxe5.} 11. Nge2 $146 (11. exf6 $142 Bxf6 12. Qd2) ({Predecessor:} 11. Bf2 fxe5 12. fxe5 Nf5 13. Nge2 Nh4 14. Bxh4 Qxh4+ 15. Kf1 Bh6 16. Qe1 Qg5 17. Rd1 {0-1 Movilla Calleja,D (1890)-Bermejo,L (2167) Collado Villalba op-A 32nd 2015 (1)}) 11... Nf5 12. Bf2 fxe5 13. dxe5 {[%emt 0:04:36] [#]} Nh4 (13... g5 $1 $17 {...gxf4 is the strong threat.} 14. O-O (14. g4 $2 Nfe7 $19) 14... gxf4 15. Nxf4 Nxe5) 14. Bxh4 $15 Qxh4+ 15. g3 Qh3 {[%emt 0:00:36] And now ...Nxe5 would win.} (15... Qe7 $5 16. O-O g5 $15) 16. Ng1 $1 $36 {[%emt 0:11:27][%mdl 2048] White fights for an advantage.} Qf5 17. Bg4 Qf7 18. Nf3 {[%emt 0:01:35] [#]} ({Better is} 18. Nh3 $11) 18... Bxe5 $1 19. O-O (19. fxe5 Nxe5 20. O-O Nxg4 $17) 19... Bf6 20. Re1 Bd7 21. Nb5 Bd8 (21... Rad8 $15) 22. Kg2 {[%emt 0:04:06][%mdl 1024] White has compensation.} (22. Kh1 $5 ) 22... Qf6 23. Qe2 (23. Nbd4 $11 {feels stronger.}) 23... a6 24. Nc3 Re8 25. Rad1 {[%emt 0:01:30] Wards off Nd4} Ba5 26. Qd3 Nb4 27. Qd2 {[%emt 0:00:06] Threatens to win with a3.} Rad8 28. a3 Nc6 (28... Na2 $1 $11 29. Re3 (29. Nxd5 exd5 30. Rxe8+ Rxe8 $17) 29... Nxc3 30. bxc3 Rc8) 29. b4 $1 $14 {[%emt 0:02:07] White is more active.} Bc7 {[%emt 0:13:12] [#]} 30. Nxd5 $1 exd5 31. Qxd5+ Be6 32. Bxe6+ (32. Rxe6 $2 {is the wrong capture.} Rxd5 33. Rxe8+ Kf7 $19) 32... Rxe6 $2 (32... Kg7 $16 33. Bd7 Rxe1 34. Rxe1 Ne7) 33. Qa2 $2 (33. Qc4 $18 {is more deadly.} b5 34. Qb3) 33... Be5 $2 {[%emt 0:16:00][%mdl 8192] This move loses the game for Black.} (33... Rde8 $16) 34. Rxe5 $18 {[%emt 0:01:59][%mdl 64] Overworked Piece} ({Weaker is} 34. Nxe5 Rxd1 35. Rxd1 Nxe5 $16) 34... Nxe5 35. Rxd8+ {[%emt 0:00:09][%mdl 64] Deflection} Qxd8 36. Qxe6+ Nf7 37. Ng5 Qc7 38. Qe8+ Kg7 39. Ne6+ {[%emt 0:00:05] Weighted Error Value: White=0.29 (precise) /Black=0.54} 1-0

[Event "4NCL 2022-2023"]
[Site "Daventry"]
[Date "2023.01.14"]
[Round "3.45"]
[White "Greet, Andrew N"]
[Black "Walton, Alan J"]
[Result "1-0"]
[ECO "A96"]
[WhiteElo "2404"]
[BlackElo "2082"]
[Annotator "TA"]
[PlyCount "51"]
[EventDate "2022.10.20"]
[EventType "team-tourn"]
[EventCountry "ENG"]
[SourceTitle "playchess.com"]
[Source "ChessBase"]
[SourceQuality "1"]
[TimeControl "40/6000+30:2400+30"]

1. c4 f5 2. Nf3 Nf6 3. g3 d6 4. d4 e6 5. Bg2 Be7 6. O-O O-O 7. Nc3 Ne4 8. Nxe4 {[%emt 0:00:19] A96: Classical Dutch: Fluid Systems: Early deviations.} fxe4 9. Nd2 d5 10. f3 {[%emt 0:00:14] White is slightly better.} c5 (10... Bf6 $14) 11. fxe4 $16 Rxf1+ 12. Kxf1 {[%emt 0:11:10][%cal Re4d5] [#]} dxe4 $146 ({Predecessor:} 12... dxc4 13. Nxc4 cxd4 14. e5 Nc6 15. e3 d3 16. Be4 Qc7 17. Bxd3 Nxe5 18. Bxh7+ Kxh7 {½-½ Parks,J (1891)-Ward,A (1787) SCO-ch 124th 2017 (7)}) 13. Nxe4 cxd4 14. e3 e5 15. exd4 exd4 16. Qb3 {[%emt 0:05:15][%cal Oc1g5] Hoping for Bg5!} Nc6 17. c5+ Kh8 18. Bf4 Qf8 {[%emt 0:03:02] [#] aiming for ...g5.} 19. Qd5 {[%emt 0:14:18] White has more active pieces.} ({Better is} 19. Kg1 $16) 19... Bf5 {[%emt 0:04:13] Threatens to win with ...Bxe4.} 20. Kg1 Bxe4 21. Bxe4 Rd8 {[%emt 0:04:02] Black is weak on the light squares} (21... d3 $16 {might work better.}) 22. Qh5 $18 Qg8 23. Re1 {[%emt 0:04:00] Bxc6 is the strong threat.} Bf6 (23... Bf8 $16) 24. Bd6 {[%emt 0:03:31] Strongly threatening Bd5. A strong pair of Bishops.} Re8 (24... d3 $16) 25. Kg2 {[%emt 0:07:40][%cal Oe4h7] Bxh7! would kill now.} d3 $2 {[%emt 0:05:15] [#]} (25... g6 $18 26. Qf3 Qg7) 26. Bxh7 $1 {[%emt 0:01:45][%mdl 576] Deflection, Back Rank.   Weighted Error Value: White=0.09 (flawless) /Black=0.60} 1-0

[Event "4NCL 2022-2023"]
[Site "Daventry"]
[Date "2023.01.14"]
[Round "3.46"]
[White "Townsend, M Paul"]
[Black "McDonald, Neil"]
[Result "1/2-1/2"]
[ECO "A81"]
[WhiteElo "2161"]
[BlackElo "2409"]
[Annotator "TA"]
[PlyCount "93"]
[EventDate "2022.10.20"]
[EventType "team-tourn"]
[EventCountry "ENG"]
[SourceTitle "playchess.com"]
[Source "ChessBase"]
[SourceQuality "1"]
[TimeControl "40/6000+30:2400+30"]

1. d4 f5 2. g3 Nf6 3. Bg2 g6 4. Nf3 Bg7 5. O-O O-O 6. b3 b6 {[%emt 0:00:43] A81: Dutch Defence: 2 g3.} 7. Bb2 Bb7 8. c4 e6 9. Nc3 Na6 10. a3 c5 {[%emt 0:07:16] [#]} 11. Qc2 $146 ({Predecessor:} 11. d5 exd5 12. Nxd5 Nxd5 13. Bxg7 Kxg7 14. cxd5 Qf6 15. Nd2 Nc7 16. e4 Nb5 17. exf5 Qxf5 {0-1 Aditya,M (2454)-Maghsoodloo,P (2673) Sharjah Masters 3rd 2019 (9)}) 11... cxd4 12. Nxd4 Bxg2 13. Kxg2 Nc5 14. Rad1 {[%emt 0:24:52] Strongly threatening b4.} Qe7 15. Ndb5 Rfc8 16. b4 Nb7 17. Qd3 $1 a6 18. Nd4 (18. Na4 $1 $11 {remains equal.} axb5 {[%mdl 64] Discovered Attack} 19. Nxb6 bxc4 20. Bxf6 cxd3 21. Bxe7 dxe2 22. Nxa8 exd1=N 23. Rxd1 Rxa8 24. Rxd7) 18... Nd6 $17 19. c5 bxc5 20. Nxe6 {[%emt 0:01:30][%mdl 64] Discovered Attack} cxb4 {[%emt 0:26:39][%mdl 64] Discovered Attack} 21. Nd5 {[%emt 0:09:36] [#]} Qxe6 (21... Nxd5 $1 $17 22. Nxg7 Rc5 23. axb4 Rb5) 22. Bxf6 $15 Bxf6 23. Nxf6+ Qxf6 24. Qxd6 Qxd6 25. Rxd6 $17 {[%emt 0:00:03][%mdl 4096] Endgame KRR-KRR} b3 {[%emt 0:03:46] [#] And now ...Rab8 would win.} (25... bxa3 $5 26. Ra1 Rc3 $15) 26. Rd3 {[%emt 0:05:00] The position is equal.} Rab8 27. Rb1 Rc2 (27... b2 $5 28. Rd2 $8 Rc3 $11) 28. Rbxb3 Rxb3 29. Rxb3 Rxe2 $11 {[%emt 0:00:11] KR-KR} 30. Rd3 Ra2 31. Rxd7 Rxa3 32. Rd8+ Kg7 33. Rd7+ Kh6 34. h4 Ra2 35. Ra7 a5 36. Kf3 a4 37. Kg2 a3 38. Kf3 g5 39. hxg5+ Kxg5 40. Rxh7 Rb2 41. Ra7 a2 42. Ra6 Rc2 43. Kg2 f4 44. Ra5+ Kg4 {[%emt 0:00:00] ( -> ...f3+)} 45. Ra4 Kh5 46. Ra5+ Kg4 {[%emt 0:00:00] ...f3+ would be deadly.} 47. Ra4 {[%emt 0:00:00] Weighted Error Value: White=0.04 (flawless) /Black=0.05 (flawless)} 1/2-1/2

[Event "4NCL 2022-2023"]
[Site "Daventry"]
[Date "2023.01.14"]
[Round "3.47"]
[White "Toma, Katarzyna"]
[Black "Shaw, Peter"]
[Result "1-0"]
[ECO "B12"]
[WhiteElo "2232"]
[BlackElo "2069"]
[Annotator "TA"]
[PlyCount "99"]
[EventDate "2022.10.20"]
[EventType "team-tourn"]
[EventCountry "ENG"]
[SourceTitle "playchess.com"]
[Source "ChessBase"]
[SourceQuality "1"]
[TimeControl "40/6000+30:2400+30"]

1. e4 c6 2. d4 d5 3. e5 Bf5 4. Nd2 e6 5. Nb3 Nd7 6. Be3 {[%emt 0:00:39] B12: Caro-Kann: Advance Variation.} Ne7 7. Nf3 Nc8 8. Be2 {[%emt 0:04:10] White has an edge.} Be7 9. Nfd2 O-O 10. f4 f6 11. O-O fxe5 {[%emt 0:12:20] [#]} 12. fxe5 $146 ({Predecessor:} 12. dxe5 c5 13. Kh1 Ncb6 14. a4 d4 15. Bg1 Nd5 16. Nc4 N7b6 17. a5 Nxc4 18. Bxc4 {½-½ Georgiadis,I (2491)-Antognini,F (2269) SUI-chT Switzerland 2015 (4.5)}) 12... Bg5 13. Bf2 (13. Bxg5 {feels hotter.} Qxg5 14. Nf3 Qe3+ 15. Rf2) 13... Bh4 14. Nf3 Bxf2+ 15. Rxf2 Ne7 16. Qd2 h6 17. Nh4 Kh8 (17... a5 $14 {is more appropriate.}) 18. Raf1 $16 {[%emt 0:05:00] White is more active.} b6 {[%emt 0:13:31] [#]} (18... Bh7 $142) 19. Nxf5 $1 Rxf5 20. Rxf5 Nxf5 21. Bg4 Qf8 22. Bxf5 exf5 23. Nc1 Re8 (23... Qf7 $16 {might work better.} 24. Ne2 Nf8) 24. Nd3 (24. Ne2 $18) 24... g6 (24... Qf7 $16) 25. g4 $18 Qg7 26. gxf5 gxf5+ 27. Kh1 ({White should play} 27. Kf2 $18) 27... Rg8 $16 28. Nf4 (28. Rxf5 $2 Qg1#) 28... Kh7 (28... Nf8 $16 29. Qe2 Qg4) 29. Qf2 b5 $2 (29... Qg4 $16 {was worth a try.} 30. h3 Qg3) 30. Nh5 (30. Ne6 $142 Qg6 31. Qxf5) 30... Qg4 31. Qxf5+ Qxf5 32. Rxf5 $18 {[%emt 0:00:08][%mdl 4096] Endgame KRN-KRN} Kg6 33. Ng3 {[%emt 0:00:06] Black must now prevent h4.} Rc8 $2 {[%emt 0:01:10] Loses the game.} (33... Rf8 $16 34. e6 Nf6) 34. Rf2 (34. h4 $142) 34... c5 (34... Rf8 {was called for.} 35. Rg2 Rf3 36. Ne4+ Kh7) 35. Nf5 {[%emt 0:01:20] [#] Ne7+ would be deadly.} Re8 {[%emt 0:00:19] Inhibits Ne7+.} 36. c3 cxd4 37. cxd4 b4 38. Ne3 Nb6 39. Rf6+ Kg5 40. Kg2 {[%emt 0:01:27] Strongly threatening Kg3.} Nc4 41. Nd1 (41. Nxd5 $142 {Threatening mate with Kg3.} Nxe5 42. dxe5 Rxe5 43. Rd6) 41... Rc8 (41... Nd2 $142 42. Ne3 Rd8 43. Rf5+ Kg6) 42. b3 Nd2 43. Ne3 Ne4 44. Rf7 Rc3 $2 (44... Kg6) 45. Rg7+ {[%emt 0:00:00] White is clearly winning.} Kh5 46. Nxd5 Rc2+ 47. Kf3 {[%emt 0:00:00] White wants to mate with Nf4+.} Ng5+ 48. Ke3 Rxa2 49. Nf4+ Kh4 50. e6 {[%emt 0:00:00] Weighted Error Value: White=0.31/Black=0.44} 1-0